 Dungeon Crawl Stone Soup version 0.27-a0-1347-gd8886f0a89 (webtiles) character file.

Game seed: 16483784816382292161

21 Brandom the Sneak (level 3, 0/29 HPs)
             Began as a Human Delver on June 27, 2021.
             Was an Initiate of the Shining One.
             Slain by an orc wizard (2 damage)
             ... on level 4 of the Dungeon.
             The game lasted 00:02:24 (472 turns).

Brandom the Sneak (Human Delver)                     Turns: 472, Time: 00:02:25

Health: 0/29       AC:  3    Str: 13    XL:     3   Next: 5%
Magic:  3/3        EV: 12    Int: 10    God:    the Shining One [......]
Gold:   32         SH:  0    Dex: 14    Spells: 2/2 levels left

rFire    . . .     SeeInvis .   a - +0 mace
rCold    . . .     Faith    .   (no shield)
rNeg     . . .     Spirit   .   b - +0 leather armour
rPois    .         Reflect  .   (no helmet)
rElec    .         Harm     .   (no cloak)
rCorr    .         Rampage  .   (no gloves)
Will     .....                  (no boots)
Stlth    +.........             (no amulet)
HPRegen  0.09/turn              (no ring)
MPRegen  0.08/turn              (no ring)

@: glowing, invisible (but backlit and visible)
A: no striking features
a: Renounce Religion


You were on level 4 of the Dungeon.
You worshipped the Shining One.
The Shining One was noncommittal.
You visited 1 branch of the dungeon, and saw 2 of its levels.

You collected 32 gold pieces.

Inventory:

Hand Weapons
 a - a +0 mace (weapon)
Missiles
 k - 6 boomerangs (quivered)
Armour
 b - a +0 leather armour (worn)
 f - the +1 cloak of Gluttony {rF++ Str+3 Int-2 Dex+3}
   (You found it on level 4 of the Dungeon)

   Str:       It affects your strength (+3).
   Int:       It affects your intelligence (-2).
   Dex:       It affects your dexterity (+3).
   rF:        It greatly protects you from fire.
Wands
 v - a wand of digging (3)
Scrolls
 c - a scroll of fog
 d - a scroll of magic mapping
 e - a scroll of fear
 g - a scroll of immolation {unknown}
 i - 2 scrolls of identify {unknown}
Potions
 h - a potion of brilliance {unknown}


   Skills:
 * Level 3.3 Fighting
 * Level 2.4 Maces & Flails
 + Level 0.8 Armour
 + Level 2.2 Dodging
 - Level 5.0 Stealth


You had 2 spell levels left.
You didn't know any spells.
Your spell library was empty.

Dungeon Overview and Level Annotations

Branches:
Dungeon (5/15)
 Temple: D:4-7

Altars:
The Shining One


Message History

Found a fizzy coppery potion.
Found 21 stones.
The crimson imp shouts!
You see here a fizzy coppery potion.
You open the door. The adder misses you.
There is an open door here.
The orc skeleton closely misses you.
The hobgoblin zombie completely misses you.
There is a glowing golden altar of the Shining One here.
You kneel at the altar of the Shining One.
The Shining One welcomes you! The hobgoblin zombie misses you.
The hobgoblin zombie closely misses you.
You see here the +1 cloak of Gluttony {rF++ Str+3 Int-2 Dex+3}.
f - the +1 cloak of Gluttony {rF++ Str+3 Int-2 Dex+3} Your extra speed is starting to run out.
You feel yourself slow down.
You miss the adder. The adder barely misses you.
You sock the adder! The adder barely misses you. The adder bites you.
You hit the adder. The adder closely misses you. The adder bites you.
You sock the adder!
You kill the adder!
You sock the kobold skeleton!
You destroy the kobold skeleton!
The Shining One accepts your kill. The orc barely misses you.
You hit the orc. The orc hits you with a +0 dagger.
You hit the orc.
You kill the orc!
You have reached level 3!
Your experience leads to an increase in your attributes!
Increase (S)trength, (I)ntelligence, or (D)exterity?
You feel stronger.
You hit the orc wizard but do no damage.
The orc wizard hits you with a +0 dagger.
The orc wizard misses you.
You hit the orc wizard but do no damage.
The orc wizard misses you.
You hit the orc wizard but do no damage.
The orc wizard hits you with a +0 dagger.
You hit the orc wizard.
The orc wizard gestures at you while chanting.
The puff of flame hits you!
* * * LOW HITPOINT WARNING * * *
The orc wizard hits you with a +0 dagger.
The Shining One protects you from harm!
It was a potion of invisibility.
You become transparent, but the glow from your halo prevents you from becoming completely invisible.
The orc wizard hits you with a +0 dagger.
You die...

#.# #.# ### #.#
..# #.#
#.######.##
..........#
#.#####...# Z.#
#.#†###########
#.#
#.#.....Zo@...#
..#
#S#.#########.#
..## #.#.# #
...# #.#.# ...#
#.#.# ...#
#.#..
...####.#.#
Z.Z.S.Z.#.
.....##.#


You could see an orc wizard and a hobgoblin zombie.

Vanquished Creatures
  2 adders
  An orc (D:4)
  A kobold skeleton (D:4)
  An orc skeleton (D:4)
5 creatures vanquished.

Vanquished Creatures (others)
  2 plants (D:4)
2 creatures vanquished.

Grand Total: 7 creatures vanquished

Notes
Turn   | Place    | Note
-------+----------+-------------------------------------------
     0 | D:5      | Brandom the Human Delver began the quest for the Orb.
     0 | D:5      | Reached XP level 1. HP: 18/18 MP: 1/1
    41 | D:5      | Reached XP level 2. HP: 6/24 MP: 2/2
   384 | D:4      | Noticed a crimson imp
   387 | D:4      | Found a glowing golden altar of the Shining One.
   424 | D:4      | Became a worshipper of the Shining One
   429 | D:4      | Identified the +1 cloak of Gluttony {rF++ Str+3 Int-2
                  | Dex+3}
   468 | D:4      | Reached XP level 3. HP: 23/29 MP: 3/3
   471 | D:4      | The Shining One protects you from harm!
   472 | D:4      | Slain by an orc wizard

Illustrated notes

Levels and vault maps discovered:
D:4:      layout_loops_ring, nicolae_tso_besieged_by_evil,
          kennysheep_vampire_church, minmay_temple_entry_gardened_gates,
          small_statue_intersection
D:5:      layout_gridville

Action                   || total
-------------------------++-------
Melee: Mace              ||    33
  Use: Potion            ||     2
Armor: Leather armour    ||    12
Dodge: Dodged            ||    37

Table legend: (Time is in decaauts)
 A = Elapsed time spent in this place.
 B = Non-inter-level travel time spent in this place.
 C = Inter-level travel time spent in this place.
 D = Time resting spent in this place.
 E = Time spent auto-exploring this place.
 F = Levels seen in this place.
 G = Mean time per level.
                   A        B        C        D        E       F      G
               +--------+--------+--------+--------+--------+-----+--------+
         Total |    463 |    463 |      0 |    220 |     31 |   2 |  231.5 |
       Dungeon |    463 |    463 |      0 |    220 |     31 |   2 |  231.5 |
               +--------+--------+--------+--------+--------+-----+--------+

Top non-repeatable levels by time:
     D:5: 342 daAuts
     D:4: 121 daAuts
